 Dungeon Crawl Stone Soup version 0.15.0-11-g6f4f891 (webtiles) character file.

122 Johnny the Chopper (level 5, -1/41 HPs)
             Began as a Human Berserker on Aug 31, 2014.
             Was a Believer of Trog.
             Slain by an adder (3 damage)
             ... on Level 3 of the Dungeon.
             The game lasted 00:05:36 (3498 turns).

Johnny the Chopper (Human Berserker)                Turns: 3498, Time: 00:05:36

HP  -1/41        AC  5     Str 17      XL: 5   Next: 27%
MP   5/5         EV  7     Int  8      God: Trog [**....]
Gold 194         SH  7     Dex 13      Spells:  0 memorised,  4 levels left

rFire  . . .     SeeInvis .     a - +0 hand axe
rCold  . . .     Clarity  .     k - +0 ring mail
rNeg   . . .     rCorr    .     s - +0 shield
rPois  .         rRot     .     (no helmet)
rElec  .         Spirit   .     (no cloak)
SustAb .         Warding  .     (no gloves)
rMut   .         Stasis   .     (no boots)
Gourm  .                        (no amulet)
MR     ++...                    (no ring)
                                (no ring)

@: lethally poisoned, regenerating, very resistant to hostile enchantments, very
unstealthy
A: no striking features
a: Burn Spellbooks, Berserk, Trog's Hand, Renounce Religion


You were on level 3 of the Dungeon.
You worshipped Trog.
Trog was pleased with you.
You were very hungry.

You visited 1 branch of the dungeon, and saw 3 of its levels.

You collected 194 gold pieces.

Inventory:

Hand weapons
 a - a +0 hand axe (weapon)
Armour
 b - a +0 animal skin
 e - a +0 leather armour
 k - a +0 ring mail (worn)
 s - a +0 shield (worn)
Magical devices
 v - a wand of digging (15)
Comestibles
 c - 2 bread rations
 q - a meat ration
 t - a beef jerky
Scrolls
 f - 2 scrolls of enchant weapon {unknown}
 h - 7 scrolls of remove curse {unknown}
 i - a scroll of noise {unknown}
 l - a scroll of enchant armour {unknown}
 u - a scroll of identify {unknown}
Jewellery
 j - a cursed amulet of faith {unknown}
 m - a cursed -6 ring of evasion {unknown}
 p - a cursed ring of loudness {unknown}
Potions
 d - a potion of agility {unknown}
 g - a potion of cure mutation {unknown}
 n - a potion of invisibility {unknown}
 o - a potion of brilliance {unknown}
 r - a potion of heal wounds {unknown}


   Skills:
 + Level 3.5 Fighting
 + Level 3.9 Axes
 + Level 3.1 Armour
 + Level 3.0 Dodging
 + Level 0.4 Shields


You had 4 spell levels left.
You didn't know any spells.

Dungeon Overview and Level Annotations

Branches:
Dungeon (3/15)

Altars:
Cheibriados
Trog


Message History

The rock shatters into small pieces.
v - a wand of digging {zapped: 1} You feel sick.
The adder bites you.
* * * LOW HITPOINT WARNING * * *
You are more poisoned.
The adder poisons you! The adder bites you but does no damage.
You slash the adder!
The adder is almost dead.
You feel sick. You block the adder's attack.
You hit the adder but do no damage.
The adder is almost dead.
You feel sick. The adder bites you but does no damage.
The adder bites you but does no damage.
Use which ability? (? or * to list)
Okay, then.
You are feeling very hungry.
You miss the adder.
The adder is almost dead.
You feel sick. The adder bites you.
You die...

######
#############..?.#
...........##....#
####.............#
####.............#
..##.............####
#.##............@...#
#.##............S(#.#
..............##....#
#.#.#.##########......#
..#.#.# #......#
###.#.# #......#
..#>#.# #...... #.#.#.#
#..... #.#.#.# #..


You could see an adder.

Vanquished Creatures
  An orc wizard (D:3)
  2 adders
  3 worms
  4 giant geckos
  2 oozes (D:2)
  2 orcs (D:3)
  2 ball pythons (D:2)
  5 bats
  5 hobgoblins
  A quokka (D:3)
  2 giant cockroaches (D:2)
  A giant newt (D:3)
  12 goblins
  A goblin zombie (D:1)
  7 kobolds
  7 rats
  A rat zombie (D:1)
  A plant (D:2)
59 creatures vanquished.

Notes
Turn   | Place    | Note
--------------------------------------------------------------
     0 | D:1      | Johnny, the Human Berserker, began the quest for the Orb.
     0 | D:1      | Reached XP level 1. HP: 18/18 MP: 1/1
   159 | D:1      | Reached XP level 2. HP: 5/24 MP: 2/2
  1132 | D:2      | Reached XP level 3. HP: 13/29 MP: 3/3
  1631 | D:2      | Found a bloodstained altar of Trog.
  1770 | D:2      | Found a snail-covered altar of Cheibriados.
  1852 | D:2      | Acquired Trog's second power
  2111 | D:2      | Reached XP level 4. HP: 21/35 MP: 4/4
  3344 | D:3      | Reached XP level 5. HP: 30/41 MP: 5/5
  3495 | D:3      | HP: 2/41 [adder (2)]
  3498 | D:3      | Slain by an adder

Action                   |  1- 3 |  4- 6 || total
-------------------------+-------+-------++-------
Melee: Hand axe          |   180 |   111 ||   291
Invok: Berserk           |     4 |     1 ||     5
       Trog's Hand       |       |     2 ||     2
Evoke: Wand              |       |     1 ||     1
  Eat: Chunk             |     4 |     1 ||     5
       Royal jelly       |     1 |       ||     1
       Beef jerky        |     1 |       ||     1
       Bread ration      |       |     1 ||     1
